 Dungeon Crawl Stone Soup version 0.25-a0-166-g16436c4407 (webtiles) character file.

Game seed: 17131429593983234357, levelgen mode: deterministic

28 Arum the Firebug (level 3, 0/24 HPs)
             Began as a Demonspawn Fire Elementalist on Nov 24, 2019.
             Slain by a hobgoblin
             ... wielding a +0 club
              (3 damage)
             ... on level 2 of the Dungeon.
             The game lasted 00:04:48 (1173 turns).

Arum the Firebug (Demonspawn Fire Elementalist)     Turns: 1173, Time: 00:04:48

Health: 0/24       AC:  2    Str:  8    XL:     3   Next: 0%
Magic:  0/6        EV: 12    Int: 17    God:
Gold:   25         SH:  0    Dex: 13    Spells: 5/6 levels left

rFire    . . .     SeeInvis .   (no weapon)
rCold    . . .     Gourm    .   (no shield)
rNeg     . . .     Faith    .   a - +0 robe
rPois    .         Spirit   .   (no helmet)
rElec    .         Reflect  .   (no cloak)
rCorr    .         Harm     .   (no gloves)
MR       .....                  (no boots)
Stlth    +++.......             (no amulet)
HPRegen  0.08/turn              (no ring)
MPRegen  0.10/turn              (no ring)

@: no status effects
A: nightstalker 1, powered by death 1
a: no special abilities


You were on level 2 of the Dungeon.
You were very hungry.

You visited 1 branch of the dungeon, and saw 2 of its levels.

You collected 25 gold pieces.

Inventory:

Armour
 a - a +0 robe (worn)
Jewellery
 i - an uncursed ring of ice
Scrolls
 b - a scroll of enchant weapon {unknown}
 d - a scroll of enchant armour {unknown}
 e - a scroll of teleportation {unknown}
Potions
 f - a potion of heal wounds {unknown}
 g - a potion of agility {unknown}
 h - a potion of lignification {unknown}
Comestibles
 c - 3 rations


   Skills:
 - Level 1.7 Dodging
 - Level 1.7 Stealth
 + Level 2.4 Spellcasting
 + Level 1.9 Conjurations
 + Level 3.1 Fire Magic


You had 5 spell levels left.
You knew the following spells:

 Your Spells              Type           Power        Failure   Level  Hunger
a - Flame Tongue          Conj/Fire      ##...        7%          1    #......

Your spell library contained the following spells:

 Spells                   Type           Power        Failure   Level  Hunger
 Throw Flame              Conj/Fire      ##....       10%         2    ##.....
 Conjure Flame            Conj/Fire      ##......     21%         3    ###....
 Inner Flame              Hex/Fire       #.......     28%         3    ###....
 Sticky Flame             Conj/Fire      ##......     54%         4    #####..
 Fireball                 Conj/Fire      ##........   88%         5    ######.


Dungeon Overview and Level Annotations

Branches:
Dungeon (2/15)

Altars:
The Shining One


Innate Abilities, Weirdness & Mutations

You are slightly more attuned to the shadows.
You regenerate a little health from kills.


Message History

You closely miss the hobgoblin.
The hobgoblin is moderately wounded.
The hobgoblin hits you with a +0 club.
You closely miss the hobgoblin.
The hobgoblin is moderately wounded.
The hobgoblin hits you with a +0 club.
* * * LOW HITPOINT WARNING * * *
You barely miss the hobgoblin.
The hobgoblin is moderately wounded.
The hobgoblin hits you with a +0 club.
* * * LOW HITPOINT WARNING * * *
Casting: Flame Tongue (safe; 7% risk of failure)
Confirm with . or Enter, or press ? or * to list all spells.
Aiming: Flame Tongue (safe; 7% risk of failure)
Press: ? - help, Shift-Dir - straight line, f/p - hobgoblin
Aim: a hobgoblin, wielding a +0 club (moderately wounded)
The flame tongue hits the hobgoblin but does no damage.
The hobgoblin is moderately wounded.
The hobgoblin hits you with a +0 club.
You die...

### .# ... .# #..
.# # #.## .# #g
#...## .# # ##'
###..##.## ##8#
#...#.##.g@..#
8...8##
+..)'.gg..#..##..
.....###
#...#.##.##..#_..
...(.>#. ##'
###..# .###..
.....##. #g
#...###.###8.
8...8### .. #
##.......# # ##8#
#.
#...###..#######
### # ##
.#.....########
#.##
...............#
#..# #


You could see 2 hobgoblins and a goblin.

Vanquished Creatures
  A dart slug (D:1)
  A giant cockroach (D:1)
  5 goblins
  4 hobgoblins
  3 bats (D:1)
  2 kobolds (D:1)
  13 rats
29 creatures vanquished.

Notes
Turn   | Place    | Note
-------+----------+-------------------------------------------
     0 | D:1      | Arum the Demonspawn Fire Elementalist began the quest for
                  | the Orb.
     0 | D:1      | Reached XP level 1. HP: 13/13 MP: 3/3
   283 | D:1      | Gained mutation: You regenerate a little health from kills.
                  | [demonic ancestry]
   283 | D:1      | Reached XP level 2. HP: 6/19 MP: 0/5
   735 | D:1      | Reached skill level 3 in Fire Magic
  1132 | D:2      | Found a glowing golden altar of the Shining One.
  1160 | D:2      | Gained mutation: You are slightly more attuned to the
                  | shadows. [demonic ancestry]
  1160 | D:2      | Reached XP level 3. HP: 17/24 MP: 0/6
  1173 | D:2      | Slain by a hobgoblin

Levels and vault maps discovered:
D:1:      erik_arrival_orb_chamber, layout_loops_ring
D:2:      cheibrodos_greedy_goblins, layout_loops_ring, lemuel_crystal_altar,
          nicolae_overflow_hidden_temple, lemuel_doored_altar, first_ration

Skill      XL: |  1  2 |
---------------+-------+-----
Fire Magic     | 3 |  3.1
Dodging        | |  1.7
Stealth        | |  1.7
Spellcasting   | |  2.4
Conjurations   | |  1.9

Action                   || total
-------------------------++-------
Melee: Unarmed           ||    74
 Cast: Flame Tongue      ||    29
Armor: Robe              ||    21
Dodge: Dodged            ||    43

Table legend:
 A = Non-vault XP
 B = Vault XP
 C = Vault XP percentage of total XP
 D = Non-vault monster count
 E = Vault monster count
 F = Vault count percentage of total count
                 A         B        C        D         E       F
            +---------+---------+-------+---------+---------+-------
      Total |      17 |      24 |  58.5 |      10 |      19 |  65.5
            +---------+---------+-------+---------+---------+-------
        D:1 |      16 |      12 |  42.9 |       9 |      12 |  57.1
        D:2 |       1 |      12 |  92.3 |       1 |       7 |  87.5
            +---------+---------+-------+---------+---------+-------
